 Dungeon Crawl Stone Soup version 0.18-a0-1649-g8d9735b (webtiles) character file.

51 Ebgish the Ruffian (level 3, -8/31 HPs)
             Began as a Naga Transmuter on Mar 29, 2016.
             Mangled by a gnoll
             ... wielding a +0 halberd
              (10 damage)
             ... on level 2 of the Dungeon.
             The game lasted 00:03:38 (860 turns).

Ebgish the Ruffian (Naga Transmuter)                 Turns: 860, Time: 00:03:39

Health: -8/31      AC:  2    Str: 12    XL:     3   Next: 81%
Magic:  6/6        EV: 10    Int: 14    God:
Gold:   75         SH:  0    Dex: 11    Spells: 1 memorised, 5 levels left

rFire  . . .     SeeInvis +       - Unarmed
rCold  . . .     Gourm    .     b - +0 robe
rNeg   . . .     Faith    .     (no shield)
rPois  +         Spirit   .     (no helmet)
rElec  .         Dismiss  .     (no cloak)
rCorr  .         Reflect  .     (no gloves)
SustAt .         Harm     .     (no barding)
MR     .....                    (no amulet)
Stlth  +.........               (no ring)
                                (no ring)

@: very slow, not resistant to hostile enchantments, very unstealthy
A: see invisible, deformed body, poison resistance, slowness 2, slow metabolism
1, spit poison 2, AC +1
a: Spit Poison


You were on level 2 of the Dungeon.
You were not hungry.

You visited 1 branch of the dungeon, and saw 2 of its levels.

You collected 75 gold pieces.

Inventory:

Missiles
 a - 12 arrows
Armour
 b - a +0 robe (worn)
Scrolls
 g - 4 scrolls of identify {unknown}
 i - 2 scrolls of random uselessness {unknown}
Potions
 e - a potion of might {unknown}
 j - a potion of curing {unknown}
Books
 c - a book of Changes

   Spells                             Type                      Level
   a - Beastly Appendage              Transmutation                1
   b - Sticks to Snakes               Transmutation                2
   c - Spider Form                    Transmutation/Poison         3
   d - Ice Form                       Ice/Transmutation            4
   e - Blade Hands                    Transmutation                5
Comestibles
 d - 2 bread rations
 f - a slice of pizza
 h - a meat ration


   Skills:
 * Level 1.5 Fighting
 * Level 0.4 Armour
 * Level 2.1 Dodging
 + Level 0.4 Stealth
 * Level 3.6 Unarmed Combat
 + Level 2.1 Spellcasting
 + Level 2.1 Transmutations


You had 5 spell levels left.
You knew the following spells:

 Your Spells              Type           Power        Failure   Level  Hunger
a - Beastly Appendage     Trmt           #.....       12%         1    #......


Dungeon Overview and Level Annotations

Branches:
Dungeon (2/15)

Altars:


Innate Abilities, Weirdness & Mutations

You cannot wear boots.
Your serpentine skin is tough (AC +1).
You have supernaturally acute eyesight.
Armour fits poorly on your strangely shaped body.
Your system is resistant to poisons.
You cover ground very slowly.
You have a slow metabolism.
You can spit poison.


Message History

You barely miss the worm.
The worm is severely wounded.
The worm barely misses you.
You barely miss the worm.
The worm is severely wounded.
The worm bites you!
* * * LOW HITPOINT WARNING * * *
The gnoll hits you with a whip.
* * * LOW HITPOINT WARNING * * *
A gnoll comes into view. It is wielding a halberd.
The worm bites you but does no damage.
You have got your breath back.
The gnoll barely misses you.
Found a stone staircase leading up.
A goblin comes into view. It is wielding a club.
The gnoll shouts!
The gnoll closely misses you.
Found 8 gold pieces.
The gnoll hits you from afar with a halberd!
You die...

...## #.#...#.# ##.#
#.#...#.# #.#
#.......# #####w####
#...g.g.#
#...##.##S#
#.....#.##.#######
#..S.....g.g.g....#
....g...g.##@##.....
##..g........# .#.#
##.S...?....# ..
##...##.#..# ## #
#..#..# #. #... .
$.## .. ..


You could see 3 gnolls, an adder and a goblin.

Vanquished Creatures
  2 adders (D:2)
  A dart slug (D:1)
  3 giant geckos
  2 giant cockroaches
  3 hobgoblins
  4 jackals (D:2)
  4 bats (D:1)
  A giant newt (D:2)
  4 kobolds
  4 rats
28 creatures vanquished.

Notes
Turn   | Place    | Note
--------------------------------------------------------------
     0 | D:1      | Ebgish the Naga Transmuter began the quest for the Orb.
     0 | D:1      | Reached XP level 1. HP: 18/18 MP: 3/3
   139 | D:1      | Reached XP level 2. HP: 19/25 MP: 5/5
   591 | D:2      | Reached XP level 3. HP: 18/31 MP: 4/6
   854 | D:2      | HP: 1/31 [gnoll/whip (2)]
   860 | D:2      | Mangled by a gnoll

Vault maps used:
D:1:      dpeg_arrival_chambers_temple_mockup, minmay_unequal
D:2:      uniq_crazy_yiuf_cottage

Skill      XL: |  1  2  3 |
---------------+----------+-----
Dodging        | 2 |  2.1
Fighting       | |  1.5
Armour         | |  0.4
Stealth        | |  0.4
Unarmed Combat | |  3.6
Spellcasting   | |  2.1
Transmutations | |  2.1

Action                   || total
-------------------------++-------
Melee: Unarmed           ||    89
 Cast: Beastly Appendage ||     2
 Abil: Spit Poison       ||     8
